 Dungeon Crawl Stone Soup version 0.26.0-10-g1f06aea511 (webtiles) character file.

Game seed: 18201323508866625732

1084 sanka the Covert (level 8, -1/81 HPs)
             Began as a Naga Delver on Jan 20, 2021.
             Slain by a gnoll
             ... wielding a +0 spear
              (6 damage)
             ... on level 5 of the Dungeon.
             The game lasted 00:10:38 (6616 turns).

sanka the Covert (Naga Delver)                      Turns: 6616, Time: 00:10:39

Health: -1/81      AC:  7    Str: 14    XL:     8   Next: 30%
Magic:  8/8        EV: 10    Int: 14    God:
Gold:   276        SH:  0    Dex: 18    Spells: 7/7 levels left

rFire    . . .     SeeInvis +   a - +0 war axe
rCold    . . .     Faith    +   (no shield)
rNeg     . . .     Spirit   .   B - +0 robe {Will+}
rPois    +         Reflect  .   b - +2 helmet
rElec    .         Harm     .   u - +0 cloak
rCorr    .         Rampage  .   (no gloves)
Will     +++..                  (no barding)
Stlth    ++++......             i - amulet of faith
HPRegen  0.23/turn              t - +6 ring of dexterity
MPRegen  0.11/turn              s - ring of willpower

@: very slow
A: large, see invisible, deformed body, poison resistance, slowness 2, spit
poison 1, AC +2
a: Spit Poison


You were on level 5 of the Dungeon.
You visited 1 branch of the dungeon, and saw 5 of its levels.

You collected 276 gold pieces.


Innate Abilities, Weirdness & Mutations

You cannot wear boots.
Your serpentine skin is tough. (AC +2)
You have supernaturally acute eyesight. (SInv)
Armour fits poorly on your strangely shaped body.
Your system is resistant to poisons. (rPois)
You cover ground very slowly.
You can spit poison.


   Skills:
 + Level 7.8 Fighting
 + Level 6.1 Axes
 - Level 1.5 Dodging
 - Level 8.0 Stealth


You had 7 spell levels left.
You didn't know any spells.
Your spell library was empty.

Inventory:

Hand Weapons
 a - a +0 war axe (weapon)
 l - a +0 flail of distortion
 v - a +0 whip of venom
Armour
 b - a +2 helmet (worn)
 u - a +0 cloak (worn)
 B - a +0 robe of willpower (worn)
Magical Staves
 m - an uncursed staff of cold
Jewellery
 i - an amulet of faith (around neck)
 p - an uncursed ring of resist corrosion
 s - a ring of willpower (right hand)
 t - a +6 ring of dexterity (left hand)
Wands
 g - a wand of digging (3)
 x - a wand of paralysis (6)
Scrolls
 c - 3 scrolls of fog
 d - 3 scrolls of magic mapping
 e - 2 scrolls of fear
 j - 3 scrolls of remove curse
 o - 2 scrolls of teleportation {@r4}
 q - 4 scrolls of enchant armour
 A - a scroll of enchant weapon
Potions
 f - 3 potions of haste {@q3}
 h - a potion of heal wounds {@q2}
 k - a potion of lignification {unknown}
 n - 2 potions of degeneration {unknown}
 r - a potion of might
 w - 4 potions of flight
 z - 2 potions of curing {unknown}

Dungeon Overview and Level Annotations

Branches:
Dungeon (5/15)             Temple (0/1) D:5

Altars:

▒†.▒▒▒▒▒.≈≈≈≈≈≈...≈
▒........≈≈≈≈≈≈.>.≈
▒.▒.▒▒▒▒.≈≈≈≈≈≈...≈
▒...▒ ▒.≈≈≈≈≈≈≈≈≈≈
▒..▒▒ ▒..≈≈≈≈≈≈≈≈≈
▒..▒ ▒....≈≈≈≈≈≈≈
▒..▒ ▒......≈≈≈≈≈
▒hg▒ ▒...........
▒)N▒ ▒.▒.▒.▒▒...▒
▒).▒▒▒▒▒.....▒▒.▒▒▒
▒........▒.▒▒▒▒.▒▒
▒.▒▒▒▒▒▒.▒.▒▒▒..†▒▒
▒.......÷..........
▒▒▒▒▒..▒▒▒▒▒▒▒...▒▒
▒...........▒▒
▒...▒▒▒▒▒▒▒▒▒ ▒
▒▒...▒▒▒▒ ▒


You could see a hound and a gnoll (fast).


Message History

The gnoll closely misses you.
The gnoll shaman hits you with a +0 whip.
* * * LOW HITPOINT WARNING * * *
You barely miss the gnoll shaman.
The gnoll shaman is heavily wounded.
You closely miss the gnoll. The gnoll hits you with a +0 spear.
* * * LOW HITPOINT WARNING * * *
The gnoll barely misses you. The gnoll shaman closely misses you.
Unknown command.
The hound barks!
You slash the gnoll shaman!
You kill the gnoll shaman!
You completely miss the gnoll. The gnoll hits you with a +0 spear.
* * * LOW HITPOINT WARNING * * *
The gnoll hits you with a +0 spear!
* * * LOW HITPOINT WARNING * * *
You hit the gnoll.
The gnoll is moderately wounded.
The gnoll hits you with a +0 spear.
* * * LOW HITPOINT WARNING * * *
The gnoll hits you with a +0 spear.
* * * LOW HITPOINT WARNING * * *
Unknown command.
You closely miss the gnoll.
The gnoll is moderately wounded.
The gnoll hits you with a +0 spear.
You die...

Action                   |  1- 3 |  4- 6 |  7- 9 || total
-------------------------+-------+-------+-------++-------
Melee: Hand axe          |     6 |   271 |     7 ||   284
       War axe           |       |       |   109 ||   109
 Abil: Spit Poison       |     9 |    58 |    11 ||    78
  Use: Scroll            |       |       |     9 ||     9
       Potion            |       |       |     1 ||     1
 Stab: Sleeping          |       |    10 |     3 ||    13
       Distracted        |       |     1 |       ||     1
Armor: Leather armour    |     2 |    89 |     9 ||   100
       Robe              |       |       |    33 ||    33
Dodge: Dodged            |    11 |   139 |    57 ||   207

Levels and vault maps discovered:
D:1:      dpeg_arrival_arbitrary_a, layout_basic, minmay_pentomino_z4
D:2:      layout_basic, serial_glass, glass_columns_a, glass_columns_a
D:3:      layout_rooms, nrook_campfire
D:4:      layout_loops_ring, hangedman_minor_gate_pass
D:5:      layout_loops_ring, temple_pool_b, serial_bayou_crossing

Notes
Turn   | Place    | Note
-------+----------+-------------------------------------------
     0 | D:5      | sanka the Naga Delver began the quest for the Orb.
     0 | D:5      | Reached XP level 1. HP: 21/21 MP: 1/1
    18 | D:5      | Noticed an orc priest
    27 | D:4      | Noticed a hound
    36 | D:4      | Killed a hound
    37 | D:4      | Reached skill level 8 in Stealth
    37 | D:4      | Reached XP level 2. HP: 14/30 MP: 2/2
    37 | D:4      | Reached XP level 3. HP: 17/36 MP: 3/3
   239 | D:3      | Reached skill level 4 in Fighting
   322 | D:3      | Reached XP level 4. HP: 36/45 MP: 4/4
   718 | D:3      | Reached skill level 5 in Fighting
   977 | D:2      | Reached XP level 5. HP: 48/52 MP: 5/5
  3120 | D:3      | Reached skill level 3 in Axes
  3148 | D:3      | Reached XP level 6. HP: 23/61 MP: 6/6
  4011 | D:4      | Reached skill level 6 in Fighting
  4272 | D:4      | Reached skill level 4 in Axes
  4673 | D:4      | Reached XP level 7. HP: 62/69 MP: 7/7
  5614 | D:5      | Reached skill level 7 in Fighting
  5614 | D:5      | Reached skill level 5 in Axes
  5625 | D:5      | HP: 7/72 [poisoned by a water moccasin]
  5631 | D:5      | HP: 7/72 [poisoned by a water moccasin]
  5639 | D:5      | HP: 6/72 [poisoned by a water moccasin]
  6113 | D:5      | Reached XP level 8. HP: 51/80 MP: 8/8
  6119 | D:5      | Found a staircase to the Ecumenical Temple.
  6297 | D:5      | Reached skill level 6 in Axes
  6615 | D:5      | HP: 7/81 [gnoll/+0 spear (5)]
  6616 | D:5      | Slain by a gnoll

Vanquished Creatures
  A water moccasin (D:5)
  An ice beast (D:5)
  2 scorpions
  A bullfrog zombie (D:5)
  A gnoll shaman (D:5)
  2 hounds (D:4)
  4 orc priests
  6 orc wizards
  An iguana (D:4)
  3 worker ants
  A hound skeleton (D:4)
  2 gnolls (D:5)
  11 adders
  2 white imps (D:5)
  2 adder skeletons (D:4)
  3 worms
  5 leopard geckos
  22 orcs
  2 ball pythons (D:2)
  3 giant cockroaches
  5 goblins
  11 hobgoblins
  6 jackals
  4 kobolds
  5 quokkas
  8 bats
  3 frilled lizards
  A leopard gecko skeleton (D:4)
  A quokka skeleton (D:4)
  14 rats
133 creatures vanquished.

Vanquished Creatures (others)
  8 plants (D:5)
8 creatures vanquished.

Grand Total: 141 creatures vanquished

Table legend: (Time is in decaauts)
 A = Elapsed time spent in this place.
 B = Non-inter-level travel time spent in this place.
 C = Inter-level travel time spent in this place.
 D = Time resting spent in this place.
 E = Time spent auto-exploring this place.
 F = Levels seen in this place.
 G = Mean time per level.
                   A        B        C        D        E       F      G
               +--------+--------+--------+--------+--------+-----+--------+
         Total |   7979 |   7679 |    300 |   2345 |   3801 |   5 | 1595.8 |
       Dungeon |   7979 |   7679 |    300 |   2345 |   3801 |   5 | 1595.8 |
               +--------+--------+--------+--------+--------+-----+--------+

Top non-repeatable levels by time:
     D:4: 2043 daAuts
     D:5: 1761 daAuts
     D:3: 1638 daAuts
     D:1: 1573 daAuts
     D:2: 962 daAuts
